 Dungeon Crawl Stone Soup version 0.22.1-2-g9c5b331 (webtiles) character file.

9277 magicm the Cleaver (level 11, 0/89 HPs)
             Began as a Demonspawn Abyssal Knight on Nov 21, 2018.
             Was a High Priest of Lugonu.
             Slain by a brown ugly thing (5 damage)
             ... on level 11 of the Dungeon.
             The game lasted 00:36:36 (11339 turns).

magicm the Cleaver (Demonspawn Abyssal Knight)     Turns: 11339, Time: 00:36:37

Health: 0/89       AC: 19    Str: 17    XL:     11   Next: 20%
Magic:  12/12      EV:  5    Int: 15    God:    Lugonu [*****.]
Gold:   416        SH:  0    Dex: 14    Spells: 10/10 levels left

rFire    . . .     SeeInvis .   H - +5 battleaxe
rCold    + . .     Gourm    .   (shield currently unavailable)
rNeg     . . .     Faith    .   d - +1 crystal plate armour
rPois    .         Spirit   .   (no helmet)
rElec    .         Reflect  .   (no cloak)
rCorr    .         Harm     .   u - +0 pair of gloves
MR       .....                  (no boots)
Stlth    ..........             g - amulet of magic regeneration
HPRegen  0.24/turn              l - +3 ring of evasion
MPRegen  0.38/turn              k - +4 ring of strength

@: about to teleport, corroded
A: claws 2, rugged brown scales 3, cold resistance 1, spiny 1, freezing cloud
immunity
a: Depart the Abyss, Bend Space, Banish, Corrupt, Enter the Abyss, Renounce
Religion


You were on level 11 of the Dungeon.
You worshipped Lugonu.
Lugonu was extremely pleased with you.
You were not hungry.

You visited 1 branch of the dungeon, and saw 11 of its levels.
You visited the Abyss 1 time.

You collected 470 gold pieces.
You spent 54 gold pieces at shops.

Inventory:

Hand Weapons
 a - a +3 hand axe
 o - a +0 flail of venom
 G - a cursed +3 great sword
 H - a +5 battleaxe (weapon)
Armour
 d - a +1 crystal plate armour (worn)
 n - a +0 large shield
 q - the +1 leather armour of Tulips {rCorr, unknown}
   (You found it on level 6 of the Dungeon)

   It provides partial protection from all sources of acid and corrosion.
 u - a +0 pair of gloves (worn)
 w - a +3 ring mail
 F - the cursed +1 leather armour "Jopir" {+Blink rF+ Str+3, unknown}
   (You found it on level 8 of the Dungeon)

   It affects your strength (+3).
   It protects you from fire.
   It lets you blink.
   It has a curse placed upon it.
Jewellery
 g - an amulet of magic regeneration (around neck)
 k - a +4 ring of strength (right hand)
 l - a +3 ring of evasion (left hand)
 A - an uncursed ring of protection from cold {unknown}
 B - an uncursed amulet of the acrobat {unknown}
 C - an uncursed ring of magical power {unknown}
Wands
 r - a wand of enslavement (10)
 v - a wand of random effects (27)
 E - a wand of paralysis (12)
 J - a wand of flame (16)
Scrolls
 f - 2 scrolls of teleportation
 m - a scroll of fear
 y - a scroll of enchant armour
 I - 3 scrolls of amnesia
 L - a scroll of magic mapping
Potions
 b - 4 potions of flight
 e - a potion of might
 h - a potion of resistance
 i - 2 potions of haste
 j - a potion of magic {unknown}
 p - a potion of berserk rage {unknown}
 s - a potion of curing {unknown}
 t - a potion of ambrosia
 x - 2 potions of invisibility {unknown}
 z - a potion of mutation {unknown}
 D - a potion of brilliance {unknown}
 K - a potion of lignification {unknown}
Comestibles
 c - 15 rations


   Skills:
 + Level 7.3 Fighting
 + Level 10.8 Axes
 + Level 1.5(7.0) Maces & Flails
 + Level 6.8 Armour
 + Level 1.2 Dodging
 + Level 0.3 Stealth
 + Level 7.6 Shields
 + Level 2.6 Invocations


You had 10 spell levels left.
You didn't know any spells.
Your spell library was empty.

Dungeon Overview and Level Annotations

Branches:
Dungeon (11/15)            Temple (0/1) D:6             Orc (0/2) D:10
   Lair: D:8-11

Altars:
Dithmenos
Gozag
Ru

Shops:
D:4 [   D:6 }   D:9 %%   D:10 =*


Innate Abilities, Weirdness & Mutations

You have very sharp fingernails.
You are completely covered in rugged brown scales. (AC +3, +7% HP)
Your flesh is cold resistant. (rC+)
You are partially covered in sharp spines.
You are immune to freezing clouds.


Message History

A phantom comes into view.
The centaur wields a runed shortbow.
The centaur shoots an arrow.
The arrow hits you but does no damage.
The centaur shoots an arrow.
The arrow hits you but does no damage.
You see here 2 arrows.
As you read the scroll of teleportation, it crumbles to dust.
You feel strangely unstable.
Something hits you but does no damage. x2
The gargoyle hits you but does no damage.
The jelly is struck by your spines. The jelly hits you but does no damage.
The purple ugly thing claws you but does no damage.
The manticore flicks its tail.
The volley of spikes hits something.
Reactivating autopickup.
You feel a bit more experienced.
The centaur shouts! x2
The centaur shoots an arrow.
The arrow hits you but does no damage. The purple ugly thing claws you!
* * * LOW HITPOINT WARNING * * *
The hungry ghost barely misses you. The brown ugly thing claws you.
You die...

#.........
#.........
#.........
#.........
#.........
#.........
#..cH.cc..
...###uJ9..c...
#....u@O..c...
#..[.W........
#..##.........
#.. #.........
#. #...W..... #
#..#......
#..#......
#..#......


You could see 2 ugly things, a two-headed ogre, a manticore, a phantom, a hungry
ghost, a gargoyle, 5 centaurs and a jelly.

Vanquished Creatures
  2 two-headed ogres
  An ugly thing (D:11)
  Psyche (D:10)
  A hornet (D:11)
  2 hippogriffs (D:10)
  8 yaks (D:10)
  A steam dragon (D:10)
  Edmund (D:4)
  Duvessa (D:4)
  A water moccasin (D:7)
  3 orc warriors
  3 sky beasts
  2 ice beasts
  A black bear (D:6)
  7 ogres
  2 phantoms
  3 centaurs
  4 bullfrogs
  A gnoll sergeant (D:9)
  Dowan (D:4)
  13 killer bees
  11 wights
  2 bullfrog zombies
  5 crimson imps
  2 centaur zombies
  7 howler monkeys
  An orc priest (D:11)
  6 orc wizards
  3 bullfrog skeletons (D:5)
  2 centaur skeletons
  4 hounds
  3 iguanas
  10 worker ants
  A killer bee zombie (D:5)
  4 hound zombies
  A hound skeleton (D:6)
  2 worker ant zombies (D:5)
  2 howler monkey zombies
  15 adders
  7 gnolls
  2 shadow imps
  3 oozes
  3 adder zombies (D:5)
  An adder skeleton (D:5)
  A worm (D:2)
  A leopard gecko (D:5)
  28 orcs
  7 bats
  4 giant cockroaches
  7 goblins
  8 hobgoblins
  7 jackals
  7 quokkas
  A ball python (D:2)
  2 frilled lizards
  A giant cockroach zombie (D:5)
  5 kobolds
  A leopard gecko skeleton (D:5)
  A leopard gecko zombie (D:8)
  A quokka skeleton (D:4)
  10 rats
248 creatures vanquished.

Vanquished Creatures (others)
  An unseen horror (D:11)
  An orc priest (D:10)
2 creatures vanquished.

Grand Total: 250 creatures vanquished

Notes
Turn   | Place    | Note
-------+----------+-------------------------------------------
     0 | Abyss:1  | magicm the Demonspawn Abyssal Knight began the quest for
                  | the Orb.
     0 | Abyss:1  | Reached XP level 1. HP: 18/18 MP: 2/2
    11 | D:1      | Escaped the Abyss
    91 | D:1      | Reached skill level 2 in Axes
    95 | D:1      | Gained mutation: You are partially covered in rugged brown
                  | scales. (AC +1, +3% HP) [demonic ancestry]
    95 | D:1      | Reached XP level 2. HP: 12/24 MP: 3/3
    97 | D:1      | Reached skill level 1 in Dodging
   448 | D:1      | Reached ** piety under Lugonu
   484 | D:1      | Gained mutation: Your flesh is cold resistant. (rC+)
                  | [demonic ancestry]
   484 | D:1      | Reached XP level 3. HP: 28/29 MP: 4/4
  1373 | D:2      | Reached XP level 4. HP: 38/38 MP: 5/5
  1503 | D:3      | Reached skill level 3 in Axes
  1955 | D:4      | Found Tuosuys's Armour Emporium.
  1957 | D:4      | Noticed Duvessa
  1957 | D:4      | Noticed Dowan
  1970 | D:4      | Gained mutation: You have sharp fingernails. [demonic
                  | ancestry]
  1970 | D:4      | Reached XP level 5. HP: 37/43 MP: 6/6
  1988 | D:4      | Killed Dowan
  1988 | D:4      | Reached skill level 4 in Axes
  2034 | D:4      | Killed Duvessa
  2034 | D:4      | Gained mutation: You are mostly covered in rugged brown
                  | scales. (AC +2, +5% HP) [demonic ancestry]
  2034 | D:4      | Reached XP level 6. HP: 16/50 MP: 7/7
  2254 | D:4      | Bought a +0 large shield for 54 gold pieces
  2355 | D:4      | Noticed Edmund
  2370 | D:4      | Killed Edmund
  2370 | D:4      | Reached skill level 5 in Axes
  2702 | D:4      | Reached *** piety under Lugonu
  2748 | D:4      | Gained mutation: You are completely covered in rugged brown
                  | scales. (AC +3, +7% HP) [demonic ancestry]
  2748 | D:4      | Reached XP level 7. HP: 51/58 MP: 8/8
  2833 | D:5      | Entered Level 5 of the Dungeon
  2850 | D:5      | Reached skill level 1 in Shields
  3051 | D:5      | Reached skill level 1 in Maces & Flails
  3403 | D:5      | Found a sacrificial altar of Ru.
  3731 | D:5      | Reached skill level 5 in Fighting
  3731 | D:5      | Reached skill level 6 in Axes
  3883 | D:5      | Reached XP level 8. HP: 40/66 MP: 9/9
  4280 | D:5      | Found a shadowy altar of Dithmenos.
  4987 | D:6      | Got a faintly humming leather armour
  5073 | D:6      | Reached **** piety under Lugonu
  5073 | D:6      | Reached skill level 7 in Axes
  5108 | D:6      | Found a staircase to the Ecumenical Temple.
  5175 | D:6      | Found Kehon's Gadget Shop.
  5631 | D:7      | Gained mutation: You are partially covered in sharp spines.
                  | [demonic ancestry]
  5631 | D:7      | Reached XP level 9. HP: 55/72 MP: 10/10
  5943 | D:7      | Reached skill level 5 in Shields
  6260 | D:7      | Reached skill level 8 in Axes
  6819 | D:8      | Got a transparent leather armour
  6917 | D:8      | Reached skill level 5 in Armour
  6966 | D:8      | Reached ***** piety under Lugonu
  7439 | D:9      | Gained mutation: You are immune to freezing clouds.
                  | [demonic ancestry]
  7439 | D:9      | Reached XP level 10. HP: 46/81 MP: 11/11
  7591 | D:9      | Noticed a two-headed ogre
  7967 | D:9      | Found Casaonk's Food Boutique.
  8070 | D:9      | Reached skill level 9 in Axes
  8235 | D:9      | Killed a two-headed ogre
  8329 | D:9      | Found Ussocyurr's Armour Shop.
  8459 | D:9      | Found Nyskuble's Food Boutique.
  8676 | D:10     | Entered Level 10 of the Dungeon
  9182 | D:10     | Noticed a two-headed ogre
  9191 | D:10     | Killed a two-headed ogre
  9555 | D:10     | Noticed Psyche
  9560 | D:10     | Reached skill level 10 in Axes
  9596 | D:10     | HP: 4/82 [something (13)]
 10165 | D:10     | Found Gozag's Platinum Reserve.
 10165 | D:10     | Found an opulent altar of Gozag.
 10325 | D:10     | Found Guggurui's Jewellery Emporium.
 10353 | D:10     | Found a staircase to the Orcish Mines.
 10455 | D:10     | Gained mutation: You have very sharp fingernails. [demonic
                  | ancestry]
 10455 | D:10     | Reached XP level 11. HP: 58/89 MP: 12/12
 10905 | D:10     | Killed Psyche
 11305 | D:11     | Noticed a red ugly thing
 11326 | D:11     | Killed a red ugly thing
 11336 | D:11     | Noticed a purple ugly thing
 11336 | D:11     | Noticed a two-headed ogre
 11337 | D:11     | Noticed a brown ugly thing
 11338 | D:11     | Killed an unseen horror
 11339 | D:11     | Slain by a brown ugly thing

Skill      XL: |  1  2  3  4  5  6  7  8  9 10 |
---------------+-------------------------------+-----
Axes           | 2 3 4 5 6 7 8 10 | 10.8
Dodging        | 1 |  1.2
Armour         | 2 3 4 5 6 |  6.8
Fighting       | 4 5 6 7 |  7.3
Shields        | 2 4 6 7 |  7.6
Maces & Flails | 1 |  1.5
Stealth        | |  0.3
Invocations    | |  2.6

Action                   |  1- 3 |  4- 6 |  7- 9 | 10-12 || total
-------------------------+-------+-------+-------+-------++-------
Melee: Hand axe          |   113 |   157 |   802 |    65 ||  1137
       Flail             |       |    26 |    43 |       ||    69
       Battleaxe         |       |       |       |   111 ||   111
  Use: Scroll            |     8 |     7 |     8 |     8 ||    31
       Potion            |       |     1 |     1 |     2 ||     4
  Eat: Ration            |     1 |     1 |     5 |     4 ||    11
Armor: Leather armour    |    10 |       |       |       ||    10
       Crystal plate arm |   132 |   160 |   566 |   157 ||  1015
Dodge: Dodged            |    26 |    35 |    20 |    45 ||   126
Block: Large shield      |       |    25 |   597 |    72 ||   694
